AoeStats
← YouMa

Oasis

508283850Analyzed
4v4 RM · 10d ago on Sep 21, 2026· 94m 19s· 8 players
Game mode
Random Map
Map size
Large (8 player)
Population
200
Speed
Normal
Resources
Standard
Victory
Conquest
Starting age
Dark Age
Ending age
Imperial Age
RankedLock teamsTeams togetherTeam positionsShared explorationLock speedFull tech treeHidden civsTurbo modeCheats
Victory
Defeat
🇹🇷 Cumans · Türkiye
860
+19
🇹🇷 Franks · Türkiye
835
+20
🇹🇷 Mongols · Türkiye
819
+20
🇺🇸 Hindustanis · United States
810
+21
🇩🇪 Sicilians · Germany
1018
-24
🇩🇪 Malay · Germany
932
-20
🇩🇪 Khmer · Germany
884
-19
🇩🇪 Hindustanis · Germany
845
-17
TheCucumberLord
0:28 Loom
10:07 Feudal Age
13:06 Double-Bit Axe
15:58 Horse Collar
20:07 Town Watch
25:18 Forging
25:09 Scale Mail Armor
31:54 Arson
33:33 Fletching
33:44 Padded Archer Armor
44:52 Bloodlines
48:07 Castle Age
47:18 Scale Barding Armor
48:34 Pikeman
49:15 Squires
50:55 Iron Casting
54:17 Town Patrol
54:48 Capped Ram
57:51 Chain Mail Armor
59:08 Wheelbarrow
59:23 Thumb Ring
60:01 Bodkin Arrow
60:22 Leather Archer Armor
61:40 Hand Cart
61:41 Gold Mining
63:19 Gold Shaft Mining
62:58 Bow Saw
62:52 Heavy Plow
63:50 Chain Barding Armor
63:18 Crossbowman
66:45 Imperial Age
67:57 Conscription
68:17 Ballistics
68:57 Chemistry
67:39 Crossbowman
68:54 Ring Archer Armor
69:25 Blast Furnace
68:35 Halberdier
73:58 Plate Mail Armor
74:04 Plate Barding Armor
74:04 Caravan
74:20 Guilds
76:28 Two-Man Saw
80:14 Hoardings
80:43 Hoardings
80:20 Elite Skirmisher
88:20 Elite Kipchak
89:33 Parthian Tactics
93:06 Chemistry
Fatih
3:49 Loom
12:31 Feudal Age
17:41 Castle Age
15:43 Double-Bit Axe
16:06 Horse Collar
26:30 Bow Saw
27:13 Gold Mining
27:13 Stone Mining
27:37 Heavy Plow
29:32 Gold Shaft Mining
29:32 Stone Shaft Mining
29:39 Stone Shaft Mining
31:18 Wheelbarrow
30:28 Town Watch
32:55 Nomads
35:29 Imperial Age
33:16 Hand Cart
33:44 Masonry
33:55 Ballistics
34:50 Fletching
35:01 Padded Archer Armor
35:58 Bodkin Arrow
37:12 Chemistry
36:18 Siege Engineers
35:35 Elite Mangudai
36:36 Conscription
36:55 Hoardings
36:41 Drill
36:58 Parthian Tactics
36:39 Thumb Ring
37:32 Husbandry
37:42 Bloodlines
38:23 Bracer
38:38 Leather Archer Armor
38:33 Forging
38:29 Scale Barding Armor
43:22 Light Cavalry
44:20 Hussar
50:18 Caravan
50:49 Coinage
51:06 Iron Casting
50:51 Chain Barding Armor
56:46 Elite Steppe Lancer
58:42 Banking
59:02 Onager
59:02 Heavy Scorpion
59:05 Capped Ram
62:06 Siege Onager
62:09 Siege Ram
70:06 Blast Furnace
90:02 Heavy Camel Rider
90:02 Cavalier
90:20 Sappers
94:32 Scale Mail Armor
94:22 Arson
94:37 Squires
93:58 Pikeman
94:06 Elite Skirmisher
95:04 Fervor
F o r k B e a r d
8:34 Loom
11:10 Feudal Age
16:56 Castle Age
15:35 Wheelbarrow
15:56 Horse Collar
19:13 Double-Bit Axe
23:09 Pikeman
23:49 Squires
24:51 Bow Saw
26:02 Forging
25:53 Scale Mail Armor
29:52 Chain Mail Armor
30:12 Iron Casting
31:32 Heavy Plow
35:12 Imperial Age
34:10 Scale Barding Armor
34:47 Husbandry
34:57 Bloodlines
36:07 Chain Barding Armor
35:22 Heavy Camel Rider
37:14 Two-Man Saw
37:40 Blast Furnace
37:59 Conscription
38:07 Hand Cart
38:54 Fortified Wall
39:05 Imperial Camel Rider
40:24 Gold Mining
41:36 Plate Barding Armor
41:51 Town Watch
42:45 Hoardings
45:04 Murder Holes
45:30 Ballistics
45:21 Masonry
47:01 Caravan
48:40 Guard Tower
49:50 Chemistry
49:32 Shatagni
50:35 Coinage
50:10 Light Cavalry
50:52 Padded Archer Armor
50:42 Fletching
50:54 Grand Trunk Road
52:23 Banking
52:02 Stone Mining
52:47 Gold Shaft Mining
53:50 Siege Engineers
59:19 Town Patrol
59:39 Leather Archer Armor
59:20 Bodkin Arrow
61:07 Elite Ghulam
61:34 Hussar
62:20 Siege Elephant
66:04 Ring Archer Armor
73:05 Thumb Ring
76:44 Arson
81:15 Stone Shaft Mining
80:18 Man-at-Arms
81:01 Bracer
84:42 Long Swordsman
84:44 Elite Skirmisher
84:45 Crossbowman
84:45 Heavy Cavalry Archer
84:48 Onager
85:26 Herbal Medicine
92:40 Two-Handed Swordsman
humanizli
11:51 Feudal Age
16:02 Scale Barding Armor
18:42 Double-Bit Axe
24:36 Castle Age
24:16 Fletching
27:37 Padded Archer Armor
32:43 Town Watch
32:44 Loom
37:59 Town Patrol
38:34 Wheelbarrow
42:28 Imperial Age
40:13 Bow Saw
43:05 Hand Cart
44:16 Chemistry
47:03 Scale Mail Armor
47:14 Forging
47:09 Chivalry
48:31 Light Cavalry
48:31 Cavalier
49:11 Husbandry
49:44 Murder Holes
49:47 Bodkin Arrow
50:09 Chain Mail Armor
50:32 Fortified Wall
50:08 Arrowslits
52:08 Chain Barding Armor
56:38 Pikeman
57:19 Squires
57:05 Arson
58:22 Elite Skirmisher
58:22 Crossbowman
58:23 Heavy Cavalry Archer
66:15 Halberdier
78:37 Paladin
83:04 Man-at-Arms
95:21 Plate Mail Armor
Bronko
11:31 Feudal Age
10:51 Loom
16:29 Castle Age
14:54 Horse Collar
15:15 Double-Bit Axe
16:57 Town Watch
20:24 Bow Saw
21:16 Scale Mail Armor
25:23 Chain Mail Armor
28:20 Forging
28:01 Arson
30:27 Iron Casting
33:31 Squires
35:03 Heavy Plow
38:17 Caravan
39:38 Gold Mining
42:47 Imperial Age
40:52 Wheelbarrow
40:18 Town Patrol
41:53 Ballistics
41:13 Pikeman
43:33 Hand Cart
44:18 Plate Mail Armor
45:24 Blast Furnace
44:25 Fletching
46:03 Cavalier
48:09 Bodkin Arrow
48:17 Murder Holes
51:26 Conscription
51:19 Hauberk
52:01 Scale Barding Armor
51:59 Husbandry
52:26 Bloodlines
52:20 Stone Mining
56:33 Bracer
57:30 Chain Barding Armor
71:13 Halberdier
76:51 Plate Barding Armor
77:55 Chemistry
Oligodentrocyt[Mu$ho]
12:37 Feudal Age
16:56 Castle Age
20:55 Husbandry
40:48 Wheelbarrow
41:22 Forging
44:02 Hand Cart
44:00 Caravan
44:52 Double-Bit Axe
45:05 Stone Mining
45:06 Gold Mining
45:01 Horse Collar
48:44 Imperial Age
46:03 Man-at-Arms
47:36 Heavy Plow
47:22 Long Swordsman
48:51 Stone Shaft Mining
48:52 Gold Shaft Mining
48:34 Bow Saw
48:02 Onager
48:30 Two-Handed Swordsman
49:15 Forced Levy
49:56 Iron Casting
50:58 Crop Rotation
52:20 Blast Furnace
52:08 Squires
52:40 Ballistics
52:11 Heated Shot
52:37 Siege Engineers
53:32 Pikeman
58:38 Chemistry
YouMa
5:32 Loom
13:40 Feudal Age
15:31 Double-Bit Axe
19:06 Castle Age
22:49 Wheelbarrow
22:27 Bow Saw
31:09 Imperial Age
33:22 Chemistry
32:58 Horse Collar
35:39 Hand Cart
37:42 Stone Mining
37:53 Gold Mining
39:06 Two-Man Saw
38:10 Heavy Plow
46:46 Shatagni
49:58 Elite Skirmisher
50:46 Thumb Ring
51:37 Padded Archer Armor
51:27 Fletching
53:22 Gold Shaft Mining
53:25 Stone Shaft Mining
53:47 Bodkin Arrow
54:17 Leather Archer Armor
56:25 Ring Archer Armor
64:17 Onager
82:29 Caravan
ZorroII
12:06 Feudal Age
13:27 Loom
13:48 Double-Bit Axe
19:00 Castle Age
20:12 Gold Mining
21:31 Wheelbarrow
21:10 Bow Saw
20:58 Horse Collar
25:28 Fletching
26:02 Forging
25:20 Pikeman
29:17 Arson
30:35 Bodkin Arrow
31:18 Iron Casting
33:36 Scale Mail Armor
33:40 Padded Archer Armor
34:30 Ballistics
35:56 Chain Mail Armor
38:01 Hand Cart
42:04 Murder Holes
42:28 Masonry
42:11 Heated Shot
45:32 Imperial Age
45:30 Leather Archer Armor
46:11 Halberdier
49:39 Conscription
49:23 Double Crossbow
50:38 Heavy Scorpion
53:03 Hoardings
53:39 Blast Furnace
52:41 Bracer
52:59 Fortified Wall
59:27 Ring Archer Armor
75:21 Chemistry
80:05 Elite Skirmisher
Connection lost

Rejoining the realm…

Still unreachable

The connection could not be restored.

Session expired

The server has moved on; the page needs a fresh start.